 Dungeon Crawl Stone Soup version 0.24.0-13-gcf9b3192b9 (webtiles) character file.

Game seed: 15160902298892089206, levelgen mode: deterministic

774 FishyPogo the Charmwright (level 7, 0/56 HPs)
             Began as a Gnoll Skald on Nov 10, 2019.
             Was a Follower of the Shining One.
             Killed from afar by an orc wizard (12 damage)
             ... with a puff of flame
             ... on level 5 of the Dungeon.
             The game lasted 00:13:26 (3216 turns).

FishyPogo the Charmwright (Gnoll Skald)             Turns: 3216, Time: 00:13:28

Health: 0/56       AC:  6    Str: 14    XL:     7   Next: 84%
Magic:  1/15       EV: 15    Int: 15    God:    the Shining One [*.....]
Gold:   134        SH:  5    Dex: 16    Spells: 9/17 levels left

rFire    . . .     SeeInvis .   a - +0 spear
rCold    . . .     Gourm    .   D - +0 buckler
rNeg     . . .     Faith    .   b - +0 leather armour
rPois    .         Spirit   .   (no helmet)
rElec    .         Reflect  .   (no cloak)
rCorr    .         Harm     .   n - +1 pair of gloves
MR       .....                  f - +0 pair of boots
Stlth    +.........             (no amulet)
HPRegen  0.18/turn              (no ring)
MPRegen  0.14/turn              (no ring)

@: glowing
A: distributed training, fangs 1, strong nose
a: Renounce Religion


You were on level 5 of the Dungeon.
You worshipped the Shining One.
The Shining One was aware of your devotion.
You were not hungry.

You visited 1 branch of the dungeon, and saw 5 of its levels.

You collected 184 gold pieces.
You spent 50 gold pieces at shops.

Inventory:

Hand Weapons
 a - a +0 spear (weapon)
Missiles
 h - 40 stones (quivered)
 r - 30 poisoned darts
 C - 6 silver javelins
Armour
 b - a +0 leather armour (worn)
 f - a +0 pair of boots (worn)
 n - a +1 pair of gloves (worn)
 D - a +0 buckler (worn)
Wands
 k - a wand of polymorph (7)
 u - a wand of scattershot (4)
Scrolls
 e - 2 scrolls of fog {unknown}
 i - 3 scrolls of teleportation {unknown}
 l - 2 scrolls of remove curse {unknown}
 m - a scroll of immolation {unknown}
 o - 3 scrolls of identify
 p - 2 scrolls of magic mapping {unknown}
 t - a scroll of random uselessness {unknown}
 x - a scroll of blinking {unknown}
 y - a scroll of enchant weapon {unknown}
 z - a scroll of noise {unknown}
Potions
 c - a potion of magic {unknown}
 g - a potion of mutation {unknown}
 j - a potion of agility {unknown}
 q - a potion of haste {unknown}
 s - 2 potions of resistance {unknown}
 v - 3 potions of curing
 A - 2 potions of ambrosia {unknown}
 B - a potion of lignification {unknown}
Comestibles
 d - 4 rations
 w - 13 chunks of flesh


   Skills:
 + Level 5.3 Fighting
 + Level 2.7 Short Blades
 + Level 2.7 Long Blades
 + Level 2.7 Axes
 + Level 2.7 Maces & Flails
 + Level 5.3 Polearms
 + Level 2.7 Staves
 + Level 2.7 Slings
 + Level 2.7 Bows
 + Level 2.7 Crossbows
 + Level 2.7 Throwing
 + Level 3.8 Armour
 + Level 5.3 Dodging
 + Level 2.7 Stealth
 + Level 2.7 Shields
 + Level 2.7 Unarmed Combat
 + Level 5.7 Spellcasting
 + Level 2.2 Conjurations
 + Level 2.2 Hexes
 + Level 5.9 Charms
 + Level 2.2 Summonings
 + Level 2.2 Necromancy
 + Level 2.2 Translocations
 + Level 2.2 Transmutations
 + Level 2.2 Fire Magic
 + Level 2.2 Ice Magic
 + Level 2.2 Air Magic
 + Level 2.2 Earth Magic
 + Level 2.2 Poison Magic
 + Level 3.0 Invocations
 + Level 2.7 Evocations


You had 9 spell levels left.
You knew the following spells:

 Your Spells              Type           Power        Failure   Level  Hunger
h - Spectral Weapon       Hex/Chrm       ###.....     12%         3    ###....
j - Shroud of Golubria    Chrm/Tloc      ###...       6%          2    #......
p - Infusion              Chrm           ###.         1%          1    None
u - Song of Slaying       Chrm           ###.....     3%          2    #......

Your spell library contained the following spells:

 Spells                   Type           Power        Failure   Level  Hunger
 Regeneration             Chrm/Necr      ###.......   12%         3    ###....


Dungeon Overview and Level Annotations

Branches:
Dungeon (5/15)
 Temple: D:4-7

Altars:
Fedhas
Trog
The Shining One

Shops:
D:4 *


Innate Abilities, Weirdness & Mutations

Your experience applies equally to all skills.
You have very sharp teeth.
Your uncanny sense of smell can sniff out nearby items.


Message History

You could not reach far enough!
Something closely misses your spectral weapon.
The orc wizard hits your spectral weapon with a +2 dagger of draining.
Attack whom?
Press: ? - help, Dir - move target cursor, f/p - orc wizard
Aim: an orc wizard, wielding a +2 dagger of draining and wearing a cursed +0 robe (lightly wounded)
You could not reach far enough!
Something barely misses your spectral weapon.
The orc wizard casts a spell at you.
The magic dart hits your spectral weapon!
Your spectral weapon shares its damage with you!
Your spectral weapon fades away.
* * * LOW HITPOINT WARNING * * *
Casting: Spectral Weapon (safe; 12% risk of failure)
Confirm with . or Enter, or press ? or * to list all spells.
You draw out your weapon's spirit!
You hear some strange, mumbled words.
A puff of flame appears from out of thin air!
The puff of flame hits you!
You die...

#<.# ∆ ∆ #..##### #
#########......#
#.##..........###.#
...............##.#
#...)......###.####
##.).##.(.####....#
##.####.#.##..#[.######
#.w{.@................
#..o####P.#####P.P....
#...#..#..#)..#######.
#...#.)#..'...# ∆ #)
#...##'#..##### ∆ #.
#.####.............#+#####.
#.........÷...)..⌠.........
#######....###)#...........
#.####..†####..####..


You could see an orc wizard, a dart slug and a friendly spectral +0 spear.

Vanquished Creatures
  An ice beast (D:5)
  2 ogres (D:4)
  A howler monkey (D:5)
  An orc wizard (D:5)
  2 orc priests (D:5)
  2 hounds
  2 iguanas (D:5)
  Natasha (twice) (D:3)
  2 worker ants
  5 adders
  An ooze (D:3)
  An adder skeleton (D:4)
  3 worms
  2 dart slugs (D:1)
  5 leopard geckos
  12 orcs
  7 bats
  A giant cockroach (D:3)
  12 goblins
  7 hobgoblins
  18 jackals
  2 quokkas
  3 ball pythons
  5 frilled lizards
  7 kobolds
  A leopard gecko zombie (D:5)
  4 rats
111 creatures vanquished.

Vanquished Creatures (others)
  2 spectral weapons
2 creatures vanquished.

Grand Total: 113 creatures vanquished

Notes
Turn   | Place    | Note
-------+----------+-------------------------------------------
     0 | D:1      | FishyPogo the Gnoll Skald began the quest for the Orb.
     0 | D:1      | Reached XP level 1. HP: 20/20 MP: 6/6
   153 | D:1      | Reached XP level 2. HP: 23/26 MP: 2/7
   161 | D:1      | Learned a level 2 spell: Song of Slaying
   164 | D:1      | Learned a level 2 spell: Shroud of Golubria
   449 | D:1      | Reached XP level 3. HP: 31/31 MP: 9/9
   559 | D:1      | Reached skill level 5 in Spellcasting
   749 | D:2      | Found a blossoming altar of Fedhas.
   824 | D:2      | Reached skill level 1 in Invocations
  1133 | D:2      | Reached skill level 1 in Short Blades
  1133 | D:2      | Reached skill level 1 in Long Blades
  1133 | D:2      | Reached skill level 1 in Axes
  1133 | D:2      | Reached skill level 1 in Maces & Flails
  1133 | D:2      | Reached skill level 1 in Staves
  1133 | D:2      | Reached skill level 1 in Slings
  1133 | D:2      | Reached skill level 1 in Bows
  1133 | D:2      | Reached skill level 1 in Crossbows
  1133 | D:2      | Reached skill level 1 in Throwing
  1133 | D:2      | Reached skill level 1 in Stealth
  1133 | D:2      | Reached skill level 1 in Shields
  1133 | D:2      | Reached skill level 1 in Unarmed Combat
  1133 | D:2      | Reached skill level 1 in Evocations
  1194 | D:2      | Reached XP level 4. HP: 38/38 MP: 6/11
  1552 | D:3      | Found a glowing golden altar of the Shining One.
  1564 | D:3      | Reached skill level 1 in Conjurations
  1564 | D:3      | Reached skill level 1 in Hexes
  1564 | D:3      | Reached skill level 1 in Summonings
  1564 | D:3      | Reached skill level 1 in Necromancy
  1564 | D:3      | Reached skill level 1 in Translocations
  1564 | D:3      | Reached skill level 1 in Transmutations
  1564 | D:3      | Reached skill level 1 in Fire Magic
  1564 | D:3      | Reached skill level 1 in Ice Magic
  1564 | D:3      | Reached skill level 1 in Air Magic
  1564 | D:3      | Reached skill level 1 in Earth Magic
  1564 | D:3      | Reached skill level 1 in Poison Magic
  1573 | D:3      | Became a worshipper of the Shining One
  1622 | D:3      | Learned a level 3 spell: Spectral Weapon
  1668 | D:3      | Reached XP level 5. HP: 43/43 MP: 5/12
  1772 | D:3      | Noticed Natasha
  1778 | D:3      | Killed Natasha
  1862 | D:3      | Noticed Natasha
  1870 | D:3      | Killed Natasha
  2298 | D:4      | Reached XP level 6. HP: 41/50 MP: 8/13
  2349 | D:4      | Reached skill level 5 in Fighting
  2349 | D:4      | Reached skill level 5 in Polearms
  2349 | D:4      | Reached skill level 5 in Dodging
  2564 | D:4      | Reached XP level 7. HP: 20/56 MP: 3/15
  2635 | D:4      | Found Radof's General Store.
  2638 | D:4      | Bought a potion of curing for 30 gold pieces
  2638 | D:4      | Bought a scroll of identify for 20 gold pieces
  2654 | D:4      | Reached * piety under the Shining One
  2873 | D:4      | Found a bloodstained altar of Trog.
  2908 | D:5      | Entered Level 5 of the Dungeon
  3216 | D:5      | Killed from afar by an orc wizard

Levels and vault maps discovered:
D:1:      minmay_arrival_five_plusses, layout_loops_ring, serial_rivers,
          chequers_serial_rivers_micro_c, chequers_serial_rivers_micro_d,
          chequers_serial_rivers_small_3, chequers_serial_rivers_marsh
D:2:      layout_basic, fedhas_altar_3, first_ration, minmay_misc_feat_ornament,
          feat_on_display
D:3:      layout_loops_ring, nicolae_overflow_crystal_walls, uniq_natasha
D:4:      layout_loops_ring, kennysheep_mini, serial_shops, shop
D:5:      corexii_shack_village, layout_loops_ring, ebering_ghost_rock_garden

Skill      XL: |  1  2  3  4  5  6  7 |
---------------+----------------------+-----
Spellcasting   | 5 |  5.7
Invocations    | 1 2 3 |  3.0
Short Blades   | 1 2 |  2.7
Long Blades    | 1 2 |  2.7
Axes           | 1 2 |  2.7
Maces & Flails | 1 2 |  2.7
Staves         | 1 2 |  2.7
Slings         | 1 2 |  2.7
Bows           | 1 2 |  2.7
Crossbows      | 1 2 |  2.7
Throwing       | 1 2 |  2.7
Stealth        | 1 2 |  2.7
Shields        | 1 2 |  2.7
Unarmed Combat | 1 2 |  2.7
Evocations     | 1 2 |  2.7
Conjurations   | 1 2 |  2.2
Hexes          | 1 2 |  2.2
Summonings     | 1 2 |  2.2
Necromancy     | 1 2 |  2.2
Translocations | 1 2 |  2.2
Transmutations | 1 2 |  2.2
Fire Magic     | 1 2 |  2.2
Ice Magic      | 1 2 |  2.2
Air Magic      | 1 2 |  2.2
Earth Magic    | 1 2 |  2.2
Poison Magic   | 1 2 |  2.2
Armour         | 3 |  3.8
Fighting       | 5 |  5.3
Polearms       | 5 |  5.3
Dodging        | 5 |  5.3
Charms         | |  5.9

Action                   |  1- 3 |  4- 6 |  7- 9 || total
-------------------------+-------+-------+-------++-------
Melee: Spear             |   105 |   151 |   101 ||   357
       Bite              |     4 |     8 |     6 ||    18
       Punch             |     1 |       |       ||     1
Throw: Stone             |     2 |       |       ||     2
 Cast: Infusion          |    13 |     8 |     4 ||    25
       Song of Slaying   |     1 |     1 |       ||     2
       Spectral Weapon   |       |    16 |     9 ||    25
       Shroud of Golubri |       |     2 |       ||     2
 Stab: Sleeping          |     4 |       |       ||     4
  Eat: Chunk             |     1 |     6 |     3 ||    10
Armor: Leather armour    |    14 |    16 |    16 ||    46
Dodge: Dodged            |    59 |    46 |    52 ||   157
Block: Buckler           |       |       |     8 ||     8
